PCL
GRESHAM GOLD SOULS @ HOUSTON HAMMERTIME
08/06/2025
 
TOP OF THE 1ST
Gresham Gold Souls batting - Pitching for Houston Hammertime : LHP Millard Curtis
Pitching: LHP Millard Curtis
Batting: LHB Jeff McKinney 0-0: Fly out, F6 (Popup, 6M)
Batting: LHB Luis Zúñiga 0-0: Called Strike
0-1: Ball
1-1: Foul Ball, location: 2F
1-2: Ground out 5-3 (Groundball, 5S)
Batting: RHB Lorenzo Morín 0-0: Called Strike
0-1: SINGLE (Line Drive, 8LS)
Batting: RHB Matt Davidson 0-0: Foul Ball, location: 2F
0-1: Foul Ball, location: 2F
0-2: Foul Ball, location: 2F
0-2: Strikes out swinging
Top of the 1st over - 0 run(s), 1 hit(s), 0 error(s), 1 left on base; Gresham 0 - Houston 0
BOTTOM OF THE 1ST
Houston Hammertime batting - Pitching for Gresham Gold Souls : RHP Luis Fernández
Pitching: RHP Luis Fernández
Batting: RHB José García 0-0: Ball
1-0: Ground out 6-3 (Groundball, 6)
Batting: LHB José Villegas 0-0: Ground out U3 (Groundball, 3)
Batting: RHB Mario Beltrán 0-0: Ball
1-0: Ground out 4-3 (Groundball, 4M)
Bottom of the 1st over - 0 run(s), 0 hit(s), 0 error(s), 0 left on base; Gresham 0 - Houston 0
TOP OF THE 2ND
Gresham Gold Souls batting - Pitching for Houston Hammertime : LHP Millard Curtis
Batting: SHB Todd Smith 0-0: Called Strike
0-1: SINGLE (Line Drive, 6M)
Batting: LHB Salvador Ruíz 0-0: Ball
1-0: 2-RUN HOME RUN (Flyball, 9D), Distance : 450 ft
Batting: LHB Jeff Doss 0-0: Fly out, F9 (Line Drive, 9M)
Batting: RHB Luke McIndoe 0-0: Ball
1-0: Foul Ball, location: 2F
1-1: Ball
2-1: Foul Ball, location: 2F
2-2: Ball
3-2: Strikes out swinging
Batting: RHB Kazushige Aoki 0-0: Swinging Strike
0-1: Foul Ball, location: 2F
0-2: Foul Ball, location: 2F
0-2: Foul Ball, location: 2F
0-2: Ball
1-2: Ball
2-2: SOLO HOME RUN (Flyball, 78XD), Distance : 380 ft
Batting: LHB Jeff McKinney 0-0: Ball
1-0: Ball
2-0: Foul Ball, location: 2F
2-1: Ground out U3 (Groundball, 3L)
Top of the 2nd over - 3 run(s), 3 hit(s), 0 error(s), 0 left on base; Gresham 3 - Houston 0
BOTTOM OF THE 2ND
Houston Hammertime batting - Pitching for Gresham Gold Souls : RHP Luis Fernández
Batting: LHB Juan Cabañas 0-0: Ball
1-0: Foul Ball, location: 2F
1-1: Swinging Strike
1-2: Strikes out swinging
Batting: RHB Aaron Wilson 0-0: Fly out, F7 (Flyball, 78M)
Batting: RHB Brian Smith 0-0: Called Strike
0-1: Ball
1-1: Called Strike
1-2: Ball
2-2: Foul Ball, location: 2F
2-2: Ball
3-2: Ground out 4-3 (Groundball, 4M)
Bottom of the 2nd over - 0 run(s), 0 hit(s), 0 error(s), 0 left on base; Gresham 3 - Houston 0
TOP OF THE 3RD
Gresham Gold Souls batting - Pitching for Houston Hammertime : LHP Millard Curtis
Batting: LHB Luis Zúñiga 0-0: Swinging Strike
0-1: Ball
1-1: Swinging Strike
1-2: Foul Ball, location: 2F
1-2: Ball
2-2: Strikes out swinging
Batting: RHB Lorenzo Morín 0-0: Called Strike
0-1: Ball
1-1: Ball
2-1: Ball
3-1: Swinging Strike
3-2: Foul Ball, location: 2F
3-2: Fly out, F7 (Line Drive, 7LM)
Batting: RHB Matt Davidson 0-0: Ball
1-0: Called Strike
1-1: Called Strike
1-2: Foul Ball, location: 2F
1-2: Ball
2-2: Strikes out swinging
Top of the 3rd over - 0 run(s), 0 hit(s), 0 error(s), 0 left on base; Gresham 3 - Houston 0
BOTTOM OF THE 3RD
Houston Hammertime batting - Pitching for Gresham Gold Souls : RHP Luis Fernández
Batting: LHB Fernando Camacho 0-0: Called Strike
0-1: Fly out, F8 (Flyball, 8RS)
Batting: RHB Domingo Matos 0-0: Ball
1-0: Foul Ball, location: 2F
1-1: Called Strike
1-2: Foul Ball, location: 2F
1-2: Strikes out swinging
Batting: LHB Enrique Valentín 0-0: Called Strike
0-1: Foul Ball, location: 2F
0-2: Strikes out looking
Bottom of the 3rd over - 0 run(s), 0 hit(s), 0 error(s), 0 left on base; Gresham 3 - Houston 0
TOP OF THE 4TH
Gresham Gold Souls batting - Pitching for Houston Hammertime : LHP Millard Curtis
Batting: SHB Todd Smith 0-0: Ball
1-0: Called Strike
1-1: Fly out, F4 (Popup, 34D)
Batting: LHB Salvador Ruíz 0-0: Foul Ball, location: 2F
0-1: Swinging Strike
0-2: Ball
1-2: Foul Ball, location: 2F
1-2: Foul Ball, location: 2F
1-2: Ball
2-2: Ball
3-2: Strikes out swinging
Batting: LHB Jeff Doss 0-0: Swinging Strike
0-1: Ball
1-1: Ball
2-1: Swinging Strike
2-2: Foul Ball, location: 2F
2-2: Ball
3-2: Strikes out swinging
Top of the 4th over - 0 run(s), 0 hit(s), 0 error(s), 0 left on base; Gresham 3 - Houston 0
BOTTOM OF THE 4TH
Houston Hammertime batting - Pitching for Gresham Gold Souls : RHP Luis Fernández
Batting: RHB José García 0-0: Ball
1-0: Ball
2-0: Swinging Strike
2-1: SINGLE (Groundball, 6M)
Batting: LHB José Villegas 0-0: Swinging Strike
0-1: Ball
José García steals 2nd base
1-1: Foul Ball, location: 2F
1-2: Strikes out swinging
Batting: RHB Mario Beltrán 0-0: Called Strike
0-1: Ball
1-1: Ball
Throwing error on steal attempt, E2
José García scores
2-1: Called Strike
2-2: Ball
3-2: Ground out 5-3 (Groundball, 56)
Batting: LHB Juan Cabañas 0-0: Ball
1-0: Called Strike
1-1: Ball
2-1: Foul Ball, location: 2F
2-2: Foul Ball, location: 2F
2-2: Foul Ball, location: 2F
2-2: Ball
3-2: Base on Balls
Batting: RHB Aaron Wilson 0-0: Ball
1-0: SINGLE (Line Drive, 7LS)
Juan Cabañas to second
Batting: RHB Brian Smith 0-0: Called Strike
0-1: Ball
1-1: Ball
2-1: Ground out 5-3 (Groundball, 5)
Bottom of the 4th over - 1 run(s), 2 hit(s), 1 error(s), 2 left on base; Gresham 3 - Houston 1
TOP OF THE 5TH
Gresham Gold Souls batting - Pitching for Houston Hammertime : LHP Millard Curtis
Batting: RHB Luke McIndoe 0-0: Ball
1-0: Foul Ball, location: 2F
1-1: Foul Ball, location: 2F
1-2: Ground out 2-3 (Groundball, 15S)
Batting: RHB Kazushige Aoki 0-0: Ball
1-0: Ball
2-0: Foul Ball, location: 2F
2-1: Foul Ball, location: 2F
2-2: Fly out, F7 (Flyball, 7D)
Batting: LHB Jeff McKinney 0-0: Ball
1-0: Ball
2-0: Ball
3-0: Called Strike
3-1: Base on Balls
Batting: LHB Luis Zúñiga 0-0: Ball
1-0: Fly out, F8 (Flyball, 8RM)
Top of the 5th over - 0 run(s), 0 hit(s), 0 error(s), 1 left on base; Gresham 3 - Houston 1
BOTTOM OF THE 5TH
Houston Hammertime batting - Pitching for Gresham Gold Souls : RHP Luis Fernández
Batting: LHB Fernando Camacho 0-0: Ball
1-0: Swinging Strike
1-1: Foul Ball, location: 2F
1-2: Foul Ball, location: 2F
1-2: Strikes out swinging
Batting: RHB Domingo Matos 0-0: Ball
1-0: Ground out U3 (Groundball, 3S)
Batting: LHB Enrique Valentín 0-0: Ground out 4-3 (Groundball, 34)
Bottom of the 5th over - 0 run(s), 0 hit(s), 0 error(s), 0 left on base; Gresham 3 - Houston 1
TOP OF THE 6TH
Gresham Gold Souls batting - Pitching for Houston Hammertime : LHP Millard Curtis
Pitching: RHP Ramiro Rivera
Batting: RHB Lorenzo Morín 0-0: Swinging Strike
0-1: Called Strike
0-2: Ball
1-2: Strikes out swinging
Batting: RHB Matt Davidson 0-0: Called Strike
0-1: Ball
1-1: Ball
2-1: Called Strike
2-2: Foul Ball, location: 2F
2-2: Strikes out swinging
Batting: SHB Todd Smith 0-0: Foul Ball, location: 2F
0-1: Swinging Strike
0-2: Foul Ball, location: 2F
0-2: Strikes out swinging
Top of the 6th over - 0 run(s), 0 hit(s), 0 error(s), 0 left on base; Gresham 3 - Houston 1
BOTTOM OF THE 6TH
Houston Hammertime batting - Pitching for Gresham Gold Souls : RHP Luis Fernández
Batting: RHB José García 0-0: Fly out, F8 (Popup, 4D)
Batting: LHB José Villegas 0-0: Ball
1-0: Ground out 1-3 (Groundball, 13S)
Batting: RHB Mario Beltrán 0-0: Ball
1-0: Ball
2-0: Foul Ball, location: 2F
2-1: Swinging Strike
2-2: Foul Ball, location: 2F
2-2: Ground out 2-3 (Groundball, 25)
Bottom of the 6th over - 0 run(s), 0 hit(s), 0 error(s), 0 left on base; Gresham 3 - Houston 1
TOP OF THE 7TH
Gresham Gold Souls batting - Pitching for Houston Hammertime : RHP Ramiro Rivera
Batting: LHB Salvador Ruíz 0-0: SINGLE (Groundball, 56D) (infield hit)
Batting: LHB Jeff Doss 0-0: Bunt missed!
0-1: Ball
1-1: Bunt missed!
1-2: Foul Ball, location: 2F
1-2: Ball
2-2: Strikes out swinging
Batting: RHB Luke McIndoe 0-0: Ball
Salvador Ruíz steals 2nd base
1-0: Reached on Error, E9 (Flyball, 9M)
Salvador Ruíz to third
Pinch Hitting: RHB Pablo Castillo 0-0: Grounds into double play, 6-4-3 (Groundball, 6)
Top of the 7th over - 0 run(s), 1 hit(s), 1 error(s), 1 left on base; Gresham 3 - Houston 1
BOTTOM OF THE 7TH
Houston Hammertime batting - Pitching for Gresham Gold Souls : RHP Luis Fernández
Now at SS: Pablo Castillo
Batting: LHB Juan Cabañas 0-0: Ball
1-0: Ground out 6-3 (Groundball, 6MS)
Batting: RHB Aaron Wilson 0-0: Ball
1-0: Ball
2-0: Ball
3-0: Base on Balls
Batting: RHB Brian Smith 0-0: Ball
Aaron Wilson is caught stealing 2nd base
1-0: Called Strike
1-1: Ball
2-1: Called Strike
2-2: Foul Ball, location: 2F
2-2: Foul Ball, location: 2F
2-2: Foul Ball, location: 2F
2-2: Ground out 5-3 (Groundball, 5)
Bottom of the 7th over - 0 run(s), 0 hit(s), 0 error(s), 0 left on base; Gresham 3 - Houston 1
TOP OF THE 8TH
Gresham Gold Souls batting - Pitching for Houston Hammertime : RHP Ramiro Rivera
Pitching: RHP Andrés Rivera
Batting: LHB Jeff McKinney 0-0: TRIPLE (Line Drive, 78S)
Batting: LHB Luis Zúñiga 0-0: Ball
1-0: Ball
2-0: Ball
3-0: Base on Balls
Batting: RHB Lorenzo Morín 0-0: Foul Ball, location: 2F
0-1: Ground out 4-3 (Groundball, 13)
Luis Zúñiga to second
Pinch Hitting: LHB Bill Smith 0-0: Intentional Walk
Batting: SHB Todd Smith 0-0: SINGLE (Groundball, 34S)
Jeff McKinney scores
Luis Zúñiga to third
Bill Smith to second
Batting: LHB Salvador Ruíz 0-0: Fielders Choice at 2nd, 4-6 (Groundball, 34)
Luis Zúñiga scores
Bill Smith to third
Batting: LHB Jeff Doss 0-0: Ground out 4-3 (Groundball, 34)
Top of the 8th over - 2 run(s), 2 hit(s), 0 error(s), 2 left on base; Gresham 5 - Houston 1
BOTTOM OF THE 8TH
Houston Hammertime batting - Pitching for Gresham Gold Souls : RHP Luis Fernández
Pitching: LHP Pepe Caro
Now at 3B: Manuel Cortéz
Batting: LHB Fernando Camacho 0-0: Called Strike
0-1: Fly out, F6 (Popup, 56D)
Batting: RHB Domingo Matos 0-0: Foul Ball, location: 2F
0-1: Ball
1-1: Foul Ball, location: 2F
1-2: Strikes out looking
Batting: LHB Enrique Valentín 0-0: Called Strike
0-1: Ball
1-1: Ball
2-1: Swinging Strike
2-2: Ball
3-2: Foul Ball, location: 2F
3-2: Foul Ball, location: 2F
3-2: Base on Balls
Batting: RHB José García 0-0: SINGLE (Line Drive, 3D)
Enrique Valentín to second
Batting: LHB José Villegas 0-0: Called Strike
0-1: Called Strike
0-2: SINGLE (Groundball, 34D)
Enrique Valentín to third
José García to second
Runner from 3rd tries for Home, SAFE, no throw or cutoff
Pitching: RHP José González
Batting: RHB Mario Beltrán 0-0: Swinging Strike
0-1: SINGLE (Groundball, 34)
José García to third
José Villegas to second
Runner from 3rd tries for Home, SAFE, no throw or cutoff
Batting: LHB Juan Cabañas 0-0: Ball
1-0: Called Strike
1-1: Swinging Strike
1-2: Ball
2-2: Hit by Pitch
José Villegas to third
Mario Beltrán to second
Pinch Hitting: LHB Pat Jones 0-0: Called Strike
0-1: Ball
1-1: Ground out 4-3 (Groundball, 4)
Bottom of the 8th over - 2 run(s), 3 hit(s), 0 error(s), 3 left on base; Gresham 5 - Houston 3
TOP OF THE 9TH
Gresham Gold Souls batting - Pitching for Houston Hammertime : RHP Andrés Rivera
Now at SS: Rafael Torres
Batting: RHB Luke McIndoe 0-0: Ball
1-0: Ball
2-0: Swinging Strike
2-1: SINGLE (Line Drive, 56)
Batting: RHB Pablo Castillo 0-0: Ball
1-0: Fly out, F8 (Flyball, 8LD)
Batting: LHB Jeff McKinney 0-0: SINGLE (Groundball, 6M)
Luke McIndoe to second
Batting: LHB Luis Zúñiga 0-0: Called Strike
0-1: Ball
1-1: Called Strike
1-2: Foul Ball, location: 2F
1-2: Ball
2-2: Fielders Choice at 2nd, 3-6 (Groundball, 3)
Luke McIndoe to third
Batting: RHB Lorenzo Morín 0-0: Ball
1-0: Called Strike
1-1: Ball
2-1: Foul Ball, location: 2F
2-2: Foul Ball, location: 2F
2-2: Strikes out swinging
Top of the 9th over - 0 run(s), 2 hit(s), 0 error(s), 2 left on base; Gresham 5 - Houston 3
BOTTOM OF THE 9TH
Houston Hammertime batting - Pitching for Gresham Gold Souls : RHP José González
Pitching: RHP Robbie O'Neil
Batting: RHB Brian Smith 0-0: Called Strike
0-1: Foul Ball, location: 2F
0-2: Ball
1-2: Ball
2-2: Ball
3-2: Base on Balls
Batting: LHB Fernando Camacho 0-0: Foul Ball, location: 2F
0-1: Foul Ball, location: 2F
0-2: Ball
1-2: Ball
2-2: Foul Ball, location: 2F
2-2: Grounds into double play, U3-6 (Groundball, 3L)
Batting: RHB Domingo Matos 0-0: Called Strike
0-1: Ball
1-1: Fly out, F1 (Line Drive, 13)
Bottom of the 9th over - 0 run(s), 0 hit(s), 0 error(s), 0 left on base; Gresham 5 - Houston 3
This league is powered by Out of the Park Baseball, the baseball management simulation game for PC, Mac and Linux
Tuesday, August 2nd, 2016 - OOTP Baseball 16.8 Build 38